 Dungeon Crawl Stone Soup version 0.27-a0-1081-ge8a0a9c698 (webtiles) character file.

Game seed: 980049719675645817

60 scammafunk the Skirmisher (level 3, 0/29 HPs)
             Began as a Mummy Monk on Apr 26, 2021.
             Was a Priest of Vehumet.
             Slain by a scorpion (2 damage)
             ... on level 3 of the Dungeon.
             The game lasted 00:14:34 (3124 turns).

scammafunk the Skirmisher (Mummy Monk)              Turns: 3124, Time: 00:14:34

Health: 0/29       AC:  2    Str: 14    XL:     3   Next: 80%
Magic:  1/6        EV: 12    Int: 10    God:    Vehumet [***...]
Gold:   83         SH:  0    Dex: 14    Spells: 2/6 levels left

rFire    x . .     SeeInvis .     - Unarmed
rCold    + . .     Faith    .   (no shield)
rNeg     + + +     Spirit   .   a - +0 robe
rPois    ∞         Reflect  .   (no helmet)
rElec    .         Harm     .   (no cloak)
rCorr    .         Rampage  .   (no gloves)
Will     .....                  (no boots)
Stlth    ++........             (no amulet)
HPRegen  0.09/turn              (no ring)
MPRegen  0.10/turn              (no ring)

@: no status effects
A: cold resistance 1, negative energy resistance 3, torment resistance 2,
unbreathing 1, heat vulnerability 1, no potions
a: Renounce Religion


You were on level 3 of the Dungeon.
You worshipped Vehumet.
Vehumet was most pleased with you.
You visited 1 branch of the dungeon, and saw 3 of its levels.

You collected 83 gold pieces.

Inventory:

Armour
 a - a +0 robe (worn)
Wands
 f - a wand of iceblast (10)
Scrolls
 b - 4 scrolls of teleportation {unknown}
 c - a scroll of noise {unknown}
 d - a scroll of blinking {unknown}
 e - a scroll of magic mapping {unknown}
 g - 2 scrolls of identify {unknown}


   Skills:
 + Level 3.4 Fighting
 + Level 2.7 Dodging
 - Level 1.6 Stealth
 - Level 2.7 Unarmed Combat
 * Level 2.0 Spellcasting
 * Level 0.7 Conjurations


You had 2 spell levels left.
You knew the following spells:

 Your Spells              Type           Power      Damage    Failure   Level
a - Shock                 Conj/Air       4%         1d3       7%          1
b - Stone Arrow           Conj/Erth      2%         3d7       21%         3

Your spell library contained the following spells:

 Spells                   Type           Power      Damage    Failure   Level
 Dazzling Flash           Conj/Hex       2%         N/A       21%         3


Dungeon Overview and Level Annotations

Branches:
Dungeon (3/15)

Altars:
Qazlal
Vehumet


Innate Abilities, Weirdness & Mutations

You are immune to poison.
Your flesh is cold resistant. (rC+)
You are immune to negative energy. (rN+++)
You are immune to unholy pain and torment.
You can survive without breathing.
You are vulnerable to heat. (rF-)
You do not drink.


Message History

The stone arrow hits the scorpion.
The scorpion is moderately wounded.
You hit the scorpion.
The scorpion is moderately wounded.
The scorpion stings you.
You hit the scorpion.
The scorpion is heavily wounded.
The scorpion stings you.
You hit the scorpion but do no damage.
The scorpion is heavily wounded.
The scorpion stings you.
You barely miss the scorpion.
The scorpion is heavily wounded.
The scorpion completely misses you.
You hit the scorpion but do no damage.
The scorpion is heavily wounded.
The scorpion closely misses you. The scorpion barely misses you.
You hit the scorpion but do no damage.
The scorpion is heavily wounded.
The scorpion barely misses you.
You hit the scorpion.
The scorpion is severely wounded.
The scorpion stings you.
You closely miss the scorpion.
The scorpion is severely wounded.
The scorpion stings you.
You hit the scorpion.
The scorpion is severely wounded.
The scorpion misses you.
You hit the scorpion.
The scorpion is almost dead.
The scorpion misses you.
You closely miss the scorpion.
The scorpion is almost dead.
The scorpion stings you!
* * * LOW HITPOINT WARNING * * *
You closely miss the scorpion.
The scorpion is almost dead.
The scorpion stings you.
You die...

############
######.......>...
#........@s......
#.####.#######.##
#.# #.# #.# #.#
#.#.# #.#.###
#.....#


You could see a scorpion.

Vanquished Creatures
  An adder (D:3)
  A worm (D:2)
  3 dart slugs
  3 orcs (D:3)
  A bat (D:1)
  An endoplasm (D:1)
  2 giant cockroaches
  4 goblins
  3 hobgoblins
  9 ball pythons
  4 frilled lizards
  3 kobolds (D:2)
  4 rats
39 creatures vanquished.

Notes
Turn   | Place    | Note
-------+----------+-------------------------------------------
     0 | D:1      | scammafunk the Mummy Monk began the quest for the Orb.
     0 | D:1      | Reached XP level 1. HP: 18/18 MP: 1/1
   349 | D:1      | Found a faded altar of an unknown god.
   359 | D:1      | Became a worshipper of Vehumet
   359 | D:1      | Reached * piety under Vehumet
   359 | D:1      | Offered knowledge of Shock by Vehumet.
   359 | D:1      | Reached ** piety under Vehumet
   410 | D:1      | Reached XP level 2. HP: 24/24 MP: 2/2
   412 | D:1      | Learned a level 1 spell: Shock
   488 | D:1      | Offered knowledge of Foxfire by Vehumet.
   828 | D:1      | Offered knowledge of Stone Arrow by Vehumet.
   901 | D:1      | Reached *** piety under Vehumet
  1105 | D:1      | Reached skill level 1 in Spellcasting
  1805 | D:2      | Reached XP level 3. HP: 29/29 MP: 0/4
  2374 | D:2      | Learned a level 3 spell: Stone Arrow
  2509 | D:3      | HP: 1/29 [orc/+0 hand axe (2)]
  2830 | D:3      | Found a stormy altar of Qazlal.
  2884 | D:3      | Offered knowledge of Dazzling Flash by Vehumet.
  3108 | D:3      | Noticed a scorpion
  3124 | D:3      | Slain by a scorpion

Illustrated notes

Levels and vault maps discovered:
D:1:      onia_arrival_handbag, layout_basic, ebering_ecumenical_altar_webs
D:2:      layout_basic
D:3:      layout_loops_ring, grunt_qazlal_clouds, minmay_crystal_room,
          serial_bayou_pond_e, minmay_shallow_snake_nest, uniq_sigmund,
          uniq_ijyb

Skill      XL: |  1  2  3 |
---------------+----------+-----
Spellcasting   | 1 2 |  2.0
Fighting       | |  3.4
Dodging        | |  2.7
Stealth        | |  1.6
Unarmed Combat | |  2.7
Conjurations   | |  0.7

Action                   || total
-------------------------++-------
Melee: Unarmed           ||   100
       Punch             ||     1
 Cast: Shock             ||    53
       Stone Arrow       ||     5
 Stab: Sleeping          ||     2
Armor: Robe              ||    10
Dodge: Dodged            ||    59

Table legend: (Time is in decaauts)
 A = Elapsed time spent in this place.
 B = Non-inter-level travel time spent in this place.
 C = Inter-level travel time spent in this place.
 D = Time resting spent in this place.
 E = Time spent auto-exploring this place.
 F = Levels seen in this place.
 G = Mean time per level.
                   A        B        C        D        E       F      G
               +--------+--------+--------+--------+--------+-----+--------+
         Total |   3119 |   3062 |     57 |    351 |   2248 |   3 | 1039.7 |
       Dungeon |   3119 |   3062 |     57 |    351 |   2248 |   3 | 1039.7 |
               +--------+--------+--------+--------+--------+-----+--------+

Top non-repeatable levels by time:
     D:1: 1495 daAuts
     D:2: 925 daAuts
     D:3: 698 daAuts
